Maple Leafs vs Nordiques
Created - 18 janvier 2013 at 19:12
Goals
|
| Maple Leafs |
2 |
3 |
1 |
6 |
| Nordiques |
2 |
1 |
1 |
4 |
|
Shots
|
| Maple Leafs |
14 |
17 |
9 |
40 |
| Nordiques |
11 |
16 |
4 |
31 |
|
1st period
1. Nordiques , Kris Vernarsky 6 (Chris Phillips, Eric Brewer) at 0:52
2. Maple Leafs , Paul Stastny 2 (Steve Ott) at 3:22
3. Maple Leafs , Dustin Penner 7 (Brad Boyes, Derek Roy) at 18:42
4. Nordiques , Saku Koivu 11 (Dany Heatley, Ian Moran) at 19:40
Penalties :
Tobias Enstrom (Tor) for Goalie Interference (Minor) at 4:46
2nd period
5. Maple Leafs , Claude Giroux 17 (Peter Forsberg, Tobias Enstrom) at 0:45
6. Maple Leafs , Derek Roy 4 (Brad Boyes) at 14:18
7. Maple Leafs , Claude Giroux 18 (Tobias Enstrom) at 14:29
8. Nordiques , Rene Bourque 9 (Chris Phillips) at 16:43
Penalties :
No Penalty
3rd period
9. Nordiques , Mike Cammalleri 9 (Stephen Weiss, Rene Bourque) at 3:01
10. Maple Leafs , Brad Boyes 9 (Tobias Enstrom) at 9:16
Penalties :
Peter Forsberg (Tor) for Holding (Minor) at 4:09, Byron Bitz (Tor) for Interference (Minor) at 16:42
Goalie Stats
Marc-André Fleury (Tor), 27 saves from 31 shots - (0,871), W, 15-5-2, 60:00 minutes
John Grahame (Que), 34 saves from 40 shots - (0,850), L, 1-4-0, 60:00 minutes
Players Stats for Maple Leafs
Player Name G A P +/- PIM S H SB GA TA FO MP PP MP PK MP
------------------------------------------------------------------------------------
Alex Goligoski 0 0 0 2 0 2 2 1 1 1 0/0 18:39 0:00 3:16
Andy Hilbert 0 0 0 0 0 1 0 0 0 0 0/0 9:08 0:00 1:34
Brad Boyes 1 2 3 3 0 2 0 0 0 0 0/0 16:45 0:00 1:08
Brett Clark 0 0 0 -2 0 0 1 1 0 2 0/0 15:36 0:00 2:00
Byron Bitz 0 0 0 -2 2 1 1 0 0 0 0/0 10:51 0:00 0:00
Claude Giroux 2 0 2 1 0 9 3 0 1 0 0/0 22:42 0:00 2:42
Derek Roy 1 1 2 3 0 5 3 0 1 0 6/17 16:30 0:00 0:47
Dion Phaneuf 0 0 0 2 0 1 1 2 1 0 0/0 24:37 0:00 3:24
Dustin Penner 1 0 1 3 0 1 2 0 0 0 0/0 16:16 0:00 0:33
Jordan Leopold 0 0 0 2 0 3 3 0 0 0 0/0 20:18 0:00 2:39
Paul Stastny 1 0 1 -2 0 6 0 1 0 0 5/6 11:19 0:00 0:27
Peter Forsberg 0 1 1 1 2 5 2 0 0 0 13/33 22:02 0:00 2:09
Rob Niedermayer 0 0 0 0 0 1 1 0 0 1 3/6 9:01 0:00 1:26
Scott Walker 0 0 0 0 0 0 2 0 0 0 0/0 7:34 0:00 0:00
Stephane Robidas 0 0 0 -2 0 0 0 1 1 0 0/0 18:03 0:00 0:35
Steve Ott 0 1 1 -2 0 2 3 0 0 1 0/1 10:52 0:00 0:00
Tobias Enstrom 0 3 3 2 2 0 0 1 2 0 0/0 22:52 0:00 0:00
Zach Parise 0 0 0 1 0 1 0 0 1 0 2/2 20:55 0:00 1:08
Players Stats for Nordiques
Player Name G A P +/- PIM S H SB GA TA FO MP PP MP PK MP
------------------------------------------------------------------------------------
Alexei Ponikarovsky 0 0 0 0 0 0 2 0 0 1 0/0 7:47 0:00 0:00
Brian Gionta 0 0 0 0 0 0 2 0 0 0 0/0 17:34 2:47 0:00
Chris Phillips 0 2 2 -2 0 1 1 2 0 0 0/0 26:33 3:21 0:00
Cory Sarich 0 0 0 -1 0 1 0 0 0 0 0/0 12:46 0:00 0:00
Dany Heatley 0 1 1 -1 0 3 3 0 0 1 0/0 23:01 2:50 0:00
Dave Scatchard 0 0 0 0 0 0 1 0 1 0 1/2 7:35 0:03 0:00
Eric Brewer 0 1 1 -2 0 2 1 1 1 3 0/0 26:33 3:21 0:00
Ian Moran 0 1 1 -1 0 1 0 1 0 1 0/0 12:46 0:00 0:00
Karel Pilar 0 0 0 1 0 0 1 1 0 0 0/0 20:41 2:36 0:00
Kris Vernarsky 1 0 1 -1 0 4 2 0 0 0 5/7 11:56 0:20 0:00
Lubomir Visnovsky 0 0 0 1 0 1 3 1 1 0 0/0 20:41 2:36 0:00
Matt Pettinger 0 0 0 -1 0 0 3 0 0 0 0/0 12:03 0:23 0:00
Mattias Weinhandl 0 0 0 0 0 1 0 0 0 0 0/0 7:49 0:20 0:00
Mike Cammalleri 1 0 1 0 0 3 3 0 0 1 1/2 17:13 2:44 0:00
Rene Bourque 1 1 2 -1 0 5 1 1 0 0 0/1 23:03 2:50 0:00
Saku Koivu 1 0 1 -1 0 5 2 0 0 0 20/36 22:59 2:50 0:00
Stephen Weiss 0 1 1 0 0 4 4 0 0 0 8/16 17:13 2:44 0:00
Valeri Bure 0 0 0 -1 0 0 1 0 2 1 1/1 11:47 0:00 0:00
3 Stars
1 - Brad Boyes (Tor)
2 - Derek Roy (Tor)
3 - Claude Giroux (Tor)
Power Play
Maple Leafs - 0 on 0 Attempt(s) - 0,00%
Nordiques - 0 on 3 Attempt(s) - 0,00%
Penalty Kill
Maple Leafs - 3 on 3 Attempt(s) - 100,00%
- Score 0 goal in Penalty Kill
Nordiques - 0 on 0 Attempt(s) - 0,00%
- Score 0 goal in Penalty Kill
Official
Referees : Watson Brad and Pochmara Brian
Linesman : Lyle Seitz and Pierre Champoux
Game Notes
Brett Clark is injured at 11:12 of 3rd period (Left Ankle)
Finance
Level 1 -- Attendance: 4702 (78,37%) -- Ticket Income 470 200 $
Level 2 -- Attendance: 3868 (77,36%) -- Ticket Income 232 080 $
Level 3 -- Attendance: 1557 (77,85%) -- Ticket Income 54 495 $
Level 4 -- Attendance: 3636 (90,90%) -- Ticket Income 72 720 $
Luxury Box -- Attendance: 706 (70,60%) -- Ticket Income 141 200 $
Game was played at the Colisé Pepsi
Total Attendance: 14469 (80,38%)
Total Ticket Income: 970 695 $
Total Income: 970 695 $
Maple Leafs
5 vs 5 Forward
Center Left Wing Right Wing Time % Phy DF OF
1 Peter Forsberg Zach Parise Claude Giroux 40 0 1 4
2 Derek Roy Dustin Penner Brad Boyes 30 1 1 3
3 Paul Stastny Steve Ott Byron Bitz 20 1 2 2
4 Rob Niedermayer Andy Hilbert Scott Walker 10 1 3 1
5 vs 5 Defense
Defense Defense Time % Phy DF OF
1 Tobias Enstrom Dion Phaneuf 40 1 1 3
2 Stephane Robidas Brett Clark 30 1 3 1
3 Jordan Leopold Alex Goligoski 30 1 1 3
4 Dion Phaneuf Tobias Enstrom 0 1 2 2
PowerPlay Forward
Center Left Wing Right Wing Time % Phy DF OF
1 Peter Forsberg Zach Parise Claude Giroux 60 1 1 3
2 Derek Roy Dustin Penner Brad Boyes 40 1 1 3
PowerPlay Defense
Defense Defense Time % Phy DF OF
1 Tobias Enstrom Stephane Robidas 60 1 1 3
2 Dion Phaneuf Alex Goligoski 40 1 1 3
Penalty Kill 4 Players Forward
Center Wing Time % Phy DF OF
1 Peter Forsberg Claude Giroux 60 1 3 1
2 Zach Parise Brad Boyes 40 1 3 1
Penalty Kill 4 Players Defense
Defense Defense Time % Phy DF OF
1 Dion Phaneuf Jordan Leopold 60 1 3 1
2 Brett Clark Alex Goligoski 40 1 3 1
Penalty Kill - 3 Players Forward
Forward Time % Phy DF OF
1 Peter Forsberg 60 1 4 0
2 Claude Giroux 40 1 4 0
Penalty Kill - 3 Players Defense
Defense Defense Time % Phy DF OF
1 Dion Phaneuf Jordan Leopold 60 1 4 0
2 Brett Clark Alex Goligoski 40 1 4 0
4 vs 4 Forward
Center Wing Time % Phy DF OF
1 Peter Forsberg Claude Giroux 60 1 2 2
2 Zach Parise Brad Boyes 40 1 2 2
4 vs 4 Defense
Defense Defense Time % Phy DF OF
1 Dion Phaneuf Tobias Enstrom 60 1 2 2
2 Brett Clark Stephane Robidas 40 1 2 2
Last Minutes Offensive
Center Left Wing Right Wing Defense Defense
Peter Forsberg Zach Parise Claude Giroux Dion Phaneuf Tobias Enstrom
Last Minutes Defensive
Center Left Wing Right Wing Defense Defense
Peter Forsberg Zach Parise Claude Giroux Dion Phaneuf Brett Clark
Goaltenders
Starting : Marc-André Fleury
Backup : Mike Dunham
Extra Forwards
Normal : Claude Giroux, Peter Forsberg, Paul Stastny - PP : Brad Boyes, Claude Giroux - PK : Rob Niedermayer
Extra Defensemen
Normal : Tobias Enstrom, Jordan Leopold, Brett Clark - PP : Tobias Enstrom - PK : Jordan Leopold, Brett Clark
Penalty Shots
Peter Forsberg, Claude Giroux, Zach Parise, Brad Boyes, Derek Roy
Nordiques
5 vs 5 Forward
Center Left Wing Right Wing Time % Phy DF OF
1 Saku Koivu Dany Heatley Rene Bourque 40 1 2 2
2 Stephen Weiss Mike Cammalleri Brian Gionta 30 1 2 2
3 Kris Vernarsky Matt Pettinger Valeri Bure 20 1 2 2
4 Dave Scatchard Alexei Ponikarovsky Mattias Weinhandl 10 1 2 2
5 vs 5 Defense
Defense Defense Time % Phy DF OF
1 Chris Phillips Eric Brewer 40 1 2 2
2 Lubomir Visnovsky Karel Pilar 30 1 2 2
3 Cory Sarich Ian Moran 20 1 2 2
4 Chris Phillips Eric Brewer 10 1 2 2
PowerPlay Forward
Center Left Wing Right Wing Time % Phy DF OF
1 Saku Koivu Dany Heatley Rene Bourque 60 1 2 2
2 Stephen Weiss Mike Cammalleri Brian Gionta 40 1 2 2
PowerPlay Defense
Defense Defense Time % Phy DF OF
1 Chris Phillips Eric Brewer 60 1 2 2
2 Lubomir Visnovsky Karel Pilar 40 1 2 2
Penalty Kill 4 Players Forward
Center Wing Time % Phy DF OF
1 Dany Heatley Saku Koivu 60 1 2 2
2 Mike Cammalleri Rene Bourque 40 1 2 2
Penalty Kill 4 Players Defense
Defense Defense Time % Phy DF OF
1 Chris Phillips Eric Brewer 60 1 2 2
2 Lubomir Visnovsky Karel Pilar 40 1 2 2
Penalty Kill - 3 Players Forward
Forward Time % Phy DF OF
1 Dany Heatley 60 1 2 2
2 Saku Koivu 40 1 2 2
Penalty Kill - 3 Players Defense
Defense Defense Time % Phy DF OF
1 Chris Phillips Eric Brewer 60 1 2 2
2 Lubomir Visnovsky Karel Pilar 40 1 2 2
4 vs 4 Forward
Center Wing Time % Phy DF OF
1 Dany Heatley Saku Koivu 60 1 2 2
2 Mike Cammalleri Rene Bourque 40 1 2 2
4 vs 4 Defense
Defense Defense Time % Phy DF OF
1 Chris Phillips Eric Brewer 60 1 2 2
2 Lubomir Visnovsky Karel Pilar 40 1 2 2
Last Minutes Offensive
Center Left Wing Right Wing Defense Defense
Saku Koivu Dany Heatley Rene Bourque Chris Phillips Eric Brewer
Last Minutes Defensive
Center Left Wing Right Wing Defense Defense
Saku Koivu Dany Heatley Rene Bourque Chris Phillips Eric Brewer
Goaltenders
Starting : John Grahame
Backup : Roberto Luongo
Extra Forwards
Normal : Matt Pettinger, Kris Vernarsky, Valeri Bure - PP : Matt Pettinger, Kris Vernarsky - PK : Valeri Bure
Extra Defensemen
Normal : Cory Sarich, Ian Moran, Lubomir Visnovsky - PP : Cory Sarich - PK : Ian Moran, Lubomir Visnovsky
Penalty Shots
Dany Heatley, Saku Koivu, Mike Cammalleri, Rene Bourque, Matt Pettinger
% Time on Ice - Maple Leafs
Lines # - Real PCT - Wanted PCT - Time Play
Normal Forward
1 - 37% - 40% - 19:54
2 - 29% - 30% - 15:43
3 - 20% - 20% - 10:52
4 - 14% - 10% - 7:34
Normal Defense
1 - 39% - 40% - 21:15
2 - 32% - 30% - 17:27
3 - 28% - 30% - 15:21
4 - 0% - 0% - 0:00
PP Forward
1 - 0% - 60%
2 - 0% - 40%
PP Defense
1 - 0% - 60%
2 - 0% - 40%
PK Forward
1 - 81% - 60% - 4:49
2 - 19% - 40% - 1:08
PK Defense
1 - 42% - 60% - 2:31
2 - 58% - 40% - 3:26
PK3 Forward
1 - 0% - 60%
2 - 0% - 40%
PK3 Defense
1 - 0% - 60%
2 - 0% - 40%
44 Forward
1 - 0% - 60%
2 - 0% - 40%
44 Defense
1 - 0% - 60%
2 - 0% - 40%
Last Minute Offensive - 0:00
Last Minute Defensive - 0:00
Total
Forward - 60:00
Defense - 60:00
|
% Time on Ice - Nordiques
Lines # - Real PCT - Wanted PCT - Time Play
Normal Forward
1 - 38% - 40% - 20:36
2 - 27% - 30% - 14:29
3 - 21% - 20% - 11:29
4 - 14% - 10% - 7:29
Normal Defense
1 - 37% - 40% - 20:09
2 - 33% - 30% - 18:05
3 - 24% - 20% - 12:46
4 - 6% - 10% - 3:03
PP Forward
1 - 50% - 60% - 3:00
2 - 50% - 40% - 2:57
PP Defense
1 - 56% - 60% - 3:21
2 - 44% - 40% - 2:36
PK Forward
1 - 0% - 60%
2 - 0% - 40%
PK Defense
1 - 0% - 60%
2 - 0% - 40%
PK3 Forward
1 - 0% - 60%
2 - 0% - 40%
PK3 Defense
1 - 0% - 60%
2 - 0% - 40%
44 Forward
1 - 0% - 60%
2 - 0% - 40%
44 Defense
1 - 0% - 60%
2 - 0% - 40%
Last Minute Offensive - 0:00
Last Minute Defensive - 0:00
Total
Forward - 60:00
Defense - 60:00
|
Play by Play
1st period
0:01 of 1st period - Saku Koivu wins face-off versus Peter Forsberg in neutral zone.
0:52 of 1st period - Wrist shot by Kris Vernarsky.
0:52 of 1st period - Goal by Kris Vernarsky - Maple Leafs : 0 - Nordiques : 1.
0:53 of 1st period - Dave Scatchard wins face-off versus Rob Niedermayer in neutral zone.
0:56 of 1st period - Scott Walker is hit by Dave Scatchard.
2:10 of 1st period - Wrist shot by Dany Heatley.
2:10 of 1st period - Deflect By Rene Bourque.
2:10 of 1st period - Shot Blocked by Dion Phaneuf.
2:10 of 1st period - Puck is out of play.
2:11 of 1st period - Stephen Weiss wins face-off versus Peter Forsberg in Maple Leafs zone.
2:20 of 1st period - Mike Cammalleri is hit by Claude Giroux and loses puck.
2:41 of 1st period - Cory Sarich is hit by Derek Roy and loses puck.
3:18 of 1st period - Snap shot by Paul Stastny.
3:18 of 1st period - Stopped by John Grahame without a rebound.
3:19 of 1st period - Paul Stastny wins face-off versus Stephen Weiss in Nordiques zone.
3:22 of 1st period - Slapshot by Paul Stastny.
3:22 of 1st period - Goal by Paul Stastny - Maple Leafs : 1 - Nordiques : 1.
3:23 of 1st period - Stephen Weiss wins face-off versus Peter Forsberg in neutral zone.
4:12 of 1st period - Wrist shot by Tobias Enstrom.
4:12 of 1st period - Shot Blocked by Lubomir Visnovsky.
4:36 of 1st period - Byron Bitz is hit by Alexei Ponikarovsky and loses puck.
4:46 of 1st period - Minor Penalty to Tobias Enstrom for Goalie Interference.
4:47 of 1st period - Saku Koivu wins face-off versus Peter Forsberg in Maple Leafs zone.
4:48 of 1st period - Slapshot by Dany Heatley.
4:48 of 1st period - Stopped by Marc-André Fleury with a rebound.
5:28 of 1st period - Zach Parise is hit by Saku Koivu and loses puck.
6:04 of 1st period - Mike Cammalleri is hit by Alex Goligoski and loses puck.
6:25 of 1st period - Brian Gionta is hit by Alex Goligoski and loses puck.
6:32 of 1st period - Karel Pilar is hit by Brett Clark.
6:46 of 1st period - Penalty to Tobias Enstrom is over, Tobias Enstrom is back on ice.
6:46 of 1st period - Dion Phaneuf is hit by Karel Pilar and loses puck.
7:37 of 1st period - Stephane Robidas is hit by Alexei Ponikarovsky and loses puck.
8:25 of 1st period - Snap shot by Derek Roy.
8:25 of 1st period - Stopped by John Grahame with a rebound.
8:43 of 1st period - Snap shot by Mattias Weinhandl.
8:43 of 1st period - Stopped by Marc-André Fleury without a rebound.
8:44 of 1st period - Peter Forsberg wins face-off versus Saku Koivu in Maple Leafs zone.
8:53 of 1st period - Snap shot by Peter Forsberg.
8:53 of 1st period - Stopped by John Grahame with a rebound.
9:29 of 1st period - Snap shot by Rob Niedermayer.
9:29 of 1st period - Stopped by John Grahame with a rebound.
10:11 of 1st period - Mike Cammalleri is hit by Jordan Leopold and loses puck.
10:29 of 1st period - Snap shot by Mike Cammalleri.
10:29 of 1st period - Stopped by Marc-André Fleury without a rebound.
10:30 of 1st period - Kris Vernarsky wins face-off versus Rob Niedermayer in Maple Leafs zone.
11:34 of 1st period - Wrist shot by Brad Boyes.
11:34 of 1st period - Shot Misses the Net.
11:36 of 1st period - Slapshot by Jordan Leopold.
11:36 of 1st period - Stopped by John Grahame with a rebound.
11:38 of 1st period - Slapshot by Jordan Leopold.
11:38 of 1st period - Stopped by John Grahame without a rebound.
11:39 of 1st period - Zach Parise wins face-off versus Rene Bourque in Nordiques zone.
11:40 of 1st period - Snap shot by Peter Forsberg.
11:40 of 1st period - Stopped by John Grahame with a rebound.
11:48 of 1st period - Jordan Leopold is hit by Dany Heatley and loses puck.
12:15 of 1st period - Snap shot by Steve Ott.
12:15 of 1st period - Stopped by John Grahame without a rebound.
12:16 of 1st period - Stephen Weiss wins face-off versus Peter Forsberg in Nordiques zone.
12:16 of 1st period - Stephen Weiss is hit by Peter Forsberg.
12:26 of 1st period - Slapshot by Mike Cammalleri.
12:26 of 1st period - Shot Misses the Net.
12:31 of 1st period - Off-side.
12:32 of 1st period - Derek Roy wins face-off versus Saku Koivu in neutral zone.
12:58 of 1st period - Peter Forsberg is hit by Stephen Weiss.
13:40 of 1st period - Wrist shot by Chris Phillips.
13:40 of 1st period - Shot Misses the Net.
14:21 of 1st period - Icing by Zach Parise.
14:22 of 1st period - Stephen Weiss wins face-off versus Peter Forsberg in Maple Leafs zone.
14:23 of 1st period - Snap shot by Mike Cammalleri.
14:23 of 1st period - Shot Misses the Net.
14:36 of 1st period - Snap shot by Claude Giroux.
14:36 of 1st period - Deflect By Peter Forsberg.
14:36 of 1st period - Shot Misses the Net.
14:36 of 1st period - Puck is out of play.
14:37 of 1st period - Peter Forsberg wins face-off versus Saku Koivu in Nordiques zone.
15:02 of 1st period - Brad Boyes is hit by Stephen Weiss and loses puck.
15:11 of 1st period - Wrist shot by Mike Cammalleri.
15:11 of 1st period - Stopped by Marc-André Fleury without a rebound.
15:12 of 1st period - Stephen Weiss wins face-off versus Peter Forsberg in Maple Leafs zone.
15:41 of 1st period - Derek Roy is hit by Lubomir Visnovsky and loses puck.
15:48 of 1st period - Wrist shot by Saku Koivu.
15:48 of 1st period - Stopped by Marc-André Fleury with a rebound.
15:50 of 1st period - Wrist shot by Dany Heatley.
15:50 of 1st period - Shot Misses the Net.
16:11 of 1st period - Icing by Byron Bitz.
16:12 of 1st period - Paul Stastny wins face-off versus Saku Koivu in Maple Leafs zone.
16:19 of 1st period - Snap shot by Paul Stastny.
16:19 of 1st period - Stopped by John Grahame without a rebound.
16:20 of 1st period - Peter Forsberg wins face-off versus Saku Koivu in Nordiques zone.
16:23 of 1st period - Slapshot by Claude Giroux.
16:23 of 1st period - Shot Misses the Net.
16:25 of 1st period - Snap shot by Peter Forsberg.
16:25 of 1st period - Deflect By Claude Giroux.
16:25 of 1st period - Stopped by John Grahame with a rebound.
16:27 of 1st period - Slapshot by Jordan Leopold.
16:27 of 1st period - Stopped by John Grahame with a rebound.
16:29 of 1st period - Backhand shot by Claude Giroux.
16:29 of 1st period - Stopped by John Grahame with a rebound.
16:37 of 1st period - Snap shot by Claude Giroux.
16:37 of 1st period - Shot Blocked by Chris Phillips.
17:19 of 1st period - Chris Phillips is hit by Byron Bitz and loses puck.
17:52 of 1st period - Slapshot by Cory Sarich.
17:52 of 1st period - Stopped by Marc-André Fleury without a rebound.
17:53 of 1st period - Saku Koivu wins face-off versus Rob Niedermayer in Maple Leafs zone.
17:54 of 1st period - Wrist shot by Dany Heatley.
17:54 of 1st period - Stopped by Marc-André Fleury with a rebound.
18:32 of 1st period - Wrist shot by Stephen Weiss.
18:32 of 1st period - Stopped by Marc-André Fleury without a rebound.
18:33 of 1st period - Kris Vernarsky wins face-off versus Derek Roy in Maple Leafs zone.
18:42 of 1st period - Wrist shot by Brad Boyes.
18:42 of 1st period - Deflect By Dustin Penner.
18:42 of 1st period - Goal by Dustin Penner - Maple Leafs : 2 - Nordiques : 1.
18:43 of 1st period - Peter Forsberg wins face-off versus Saku Koivu in neutral zone.
19:15 of 1st period - Ian Moran is hit by Steve Ott and loses puck.
19:24 of 1st period - Snap shot by Rene Bourque.
19:24 of 1st period - Shot Blocked by Paul Stastny.
19:26 of 1st period - Snap shot by Dany Heatley.
19:26 of 1st period - Shot Misses the Net.
19:28 of 1st period - Slapshot by Ian Moran.
19:28 of 1st period - Stopped by Marc-André Fleury with a rebound.
19:30 of 1st period - Wrist shot by Dany Heatley.
19:30 of 1st period - Shot Misses the Net.
19:38 of 1st period - Snap shot by Dany Heatley.
19:38 of 1st period - Shot Misses the Net.
19:40 of 1st period - Wrist shot by Saku Koivu.
19:40 of 1st period - Goal by Saku Koivu - Maple Leafs : 2 - Nordiques : 2.
19:41 of 1st period - Stephen Weiss wins face-off versus Peter Forsberg in neutral zone.
2nd period
0:01 of 2nd period - Saku Koivu wins face-off versus Peter Forsberg in neutral zone.
0:14 of 2nd period - Snap shot by Rene Bourque.
0:14 of 2nd period - Stopped by Marc-André Fleury with a rebound.
0:16 of 2nd period - Slapshot by Chris Phillips.
0:16 of 2nd period - Deflect By Rene Bourque.
0:16 of 2nd period - Stopped by Marc-André Fleury with a rebound.
0:26 of 2nd period - Tobias Enstrom is hit by Matt Pettinger and loses puck.
0:43 of 2nd period - Wrist shot by Peter Forsberg.
0:43 of 2nd period - Deflect By Claude Giroux.
0:43 of 2nd period - Stopped by John Grahame with a rebound.
0:45 of 2nd period - Wrist shot by Claude Giroux.
0:45 of 2nd period - Goal by Claude Giroux - Maple Leafs : 3 - Nordiques : 2.
0:46 of 2nd period - Derek Roy wins face-off versus Saku Koivu in neutral zone.
2:21 of 2nd period - Slapshot by Rene Bourque.
2:21 of 2nd period - Deflect By Saku Koivu.
2:21 of 2nd period - Stopped by Marc-André Fleury without a rebound.
2:22 of 2nd period - Peter Forsberg wins face-off versus Stephen Weiss in Maple Leafs zone.
2:30 of 2nd period - Icing by Karel Pilar.
2:31 of 2nd period - Stephen Weiss wins face-off versus Peter Forsberg in Nordiques zone.
2:31 of 2nd period - Stephen Weiss is hit by Peter Forsberg.
2:37 of 2nd period - Alex Goligoski is hit by Lubomir Visnovsky and loses puck.
2:50 of 2nd period - Snap shot by Stephen Weiss.
2:50 of 2nd period - Stopped by Marc-André Fleury without a rebound.
2:51 of 2nd period - Derek Roy wins face-off versus Saku Koivu in Maple Leafs zone.
2:56 of 2nd period - Saku Koivu is hit by Dion Phaneuf and loses puck.
3:07 of 2nd period - Snap shot by Derek Roy.
3:07 of 2nd period - Stopped by John Grahame without a rebound.
3:08 of 2nd period - Peter Forsberg wins face-off versus Stephen Weiss in Nordiques zone.
3:33 of 2nd period - Snap shot by Kris Vernarsky.
3:33 of 2nd period - Stopped by Marc-André Fleury with a rebound.
3:35 of 2nd period - Slapshot by Karel Pilar.
3:35 of 2nd period - Shot Misses the Net.
4:19 of 2nd period - Backhand shot by Steve Ott.
4:19 of 2nd period - Stopped by John Grahame with a rebound.
4:21 of 2nd period - Snap shot by Dion Phaneuf.
4:21 of 2nd period - Stopped by John Grahame with a rebound.
4:23 of 2nd period - Slapshot by Tobias Enstrom.
4:23 of 2nd period - Shot Misses the Net.
4:25 of 2nd period - Snap shot by Paul Stastny.
4:25 of 2nd period - Stopped by John Grahame with a rebound.
4:27 of 2nd period - Wrist shot by Byron Bitz.
4:27 of 2nd period - Stopped by John Grahame with a rebound.
4:43 of 2nd period - Stephen Weiss is hit by Scott Walker and loses puck.
5:06 of 2nd period - Dustin Penner is hit by Matt Pettinger and loses puck.
5:19 of 2nd period - Byron Bitz is hit by Saku Koivu and loses puck.
5:38 of 2nd period - Wrist shot by Alexei Ponikarovsky.
5:38 of 2nd period - Shot Misses the Net.
5:40 of 2nd period - Slapshot by Eric Brewer.
5:40 of 2nd period - Shot Blocked by Stephane Robidas.
5:42 of 2nd period - Slapshot by Eric Brewer.
5:42 of 2nd period - Deflect By Claude Giroux.
5:42 of 2nd period - Stopped by Marc-André Fleury without a rebound.
5:43 of 2nd period - Saku Koivu wins face-off versus Derek Roy in Maple Leafs zone.
6:08 of 2nd period - Claude Giroux is hit by Brian Gionta and loses puck.
6:33 of 2nd period - Steve Ott is hit by Valeri Bure and loses puck.
6:40 of 2nd period - Snap shot by Kris Vernarsky.
6:40 of 2nd period - Shot Blocked by Brett Clark.
6:42 of 2nd period - Wrist shot by Lubomir Visnovsky.
6:42 of 2nd period - Deflect By Kris Vernarsky.
6:42 of 2nd period - Shot Misses the Net.
6:42 of 2nd period - Puck is out of play.
6:43 of 2nd period - Saku Koivu wins face-off versus Derek Roy in Maple Leafs zone.
6:46 of 2nd period - Snap shot by Saku Koivu.
6:46 of 2nd period - Stopped by Marc-André Fleury without a rebound.
6:47 of 2nd period - Saku Koivu wins face-off versus Derek Roy in Maple Leafs zone.
7:26 of 2nd period - Claude Giroux is hit by Mike Cammalleri and loses puck.
8:08 of 2nd period - Icing by Dion Phaneuf.
8:09 of 2nd period - Rob Niedermayer wins face-off versus Stephen Weiss in Maple Leafs zone.
8:19 of 2nd period - Icing by Brian Gionta.
8:20 of 2nd period - Peter Forsberg wins face-off versus Stephen Weiss in Nordiques zone.
8:27 of 2nd period - Snap shot by Claude Giroux.
8:27 of 2nd period - Stopped by John Grahame with a rebound.
8:45 of 2nd period - Wrist shot by Stephen Weiss.
8:45 of 2nd period - Shot Misses the Net.
8:47 of 2nd period - Snap shot by Stephen Weiss.
8:47 of 2nd period - Stopped by Marc-André Fleury with a rebound.
8:49 of 2nd period - Wrist shot by Lubomir Visnovsky.
8:49 of 2nd period - Deflect By Peter Forsberg.
8:49 of 2nd period - Stopped by Marc-André Fleury without a rebound.
8:50 of 2nd period - Saku Koivu wins face-off versus Derek Roy in Maple Leafs zone.
8:57 of 2nd period - Snap shot by Rene Bourque.
8:57 of 2nd period - Shot Misses the Net.
8:59 of 2nd period - Snap shot by Saku Koivu.
8:59 of 2nd period - Shot Misses the Net.
9:01 of 2nd period - Wrist shot by Saku Koivu.
9:01 of 2nd period - Stopped by Marc-André Fleury with a rebound.
9:03 of 2nd period - Slapshot by Eric Brewer.
9:03 of 2nd period - Deflect By Alex Goligoski.
9:03 of 2nd period - Stopped by Marc-André Fleury with a rebound.
9:05 of 2nd period - Slapshot by Eric Brewer.
9:05 of 2nd period - Shot Blocked by Alex Goligoski.
9:12 of 2nd period - Icing by Alex Goligoski.
9:13 of 2nd period - Kris Vernarsky wins face-off versus Derek Roy in Maple Leafs zone.
9:16 of 2nd period - Snap shot by Mike Cammalleri.
9:16 of 2nd period - Shot Misses the Net.
9:22 of 2nd period - Slapshot by Stephen Weiss.
9:22 of 2nd period - Stopped by Marc-André Fleury with a rebound.
10:02 of 2nd period - Stephane Robidas is hit by Kris Vernarsky and loses puck.
11:02 of 2nd period - Snap shot by Rene Bourque.
11:02 of 2nd period - Stopped by Marc-André Fleury without a rebound.
11:03 of 2nd period - Saku Koivu wins face-off versus Derek Roy in Maple Leafs zone.
11:16 of 2nd period - Wrist shot by Brad Boyes.
11:16 of 2nd period - Stopped by John Grahame without a rebound.
11:17 of 2nd period - Peter Forsberg wins face-off versus Saku Koivu in Nordiques zone.
11:20 of 2nd period - Wrist shot by Claude Giroux.
11:20 of 2nd period - Deflect By Saku Koivu.
11:20 of 2nd period - Stopped by John Grahame without a rebound.
11:21 of 2nd period - Peter Forsberg wins face-off versus Saku Koivu in Nordiques zone.
11:34 of 2nd period - Snap shot by Rene Bourque.
11:34 of 2nd period - Shot Misses the Net.
11:36 of 2nd period - Slapshot by Chris Phillips.
11:36 of 2nd period - Stopped by Marc-André Fleury with a rebound.
12:08 of 2nd period - Snap shot by Byron Bitz.
12:08 of 2nd period - Shot Misses the Net.
12:40 of 2nd period - Alexei Ponikarovsky is hit by Scott Walker.
13:00 of 2nd period - Backhand shot by Saku Koivu.
13:00 of 2nd period - Shot Misses the Net.
14:06 of 2nd period - Icing by Chris Phillips.
14:07 of 2nd period - Rob Niedermayer wins face-off versus Dave Scatchard in Nordiques zone.
14:08 of 2nd period - Snap shot by Andy Hilbert.
14:08 of 2nd period - Stopped by John Grahame without a rebound.
14:09 of 2nd period - Derek Roy wins face-off versus Saku Koivu in Nordiques zone.
14:18 of 2nd period - Slapshot by Derek Roy.
14:18 of 2nd period - Goal by Derek Roy - Maple Leafs : 4 - Nordiques : 2.
14:19 of 2nd period - Saku Koivu wins face-off versus Peter Forsberg in neutral zone.
14:29 of 2nd period - Snap shot by Claude Giroux.
14:29 of 2nd period - Goal by Claude Giroux - Maple Leafs : 5 - Nordiques : 2.
14:30 of 2nd period - Zach Parise wins face-off versus Saku Koivu in neutral zone.
14:37 of 2nd period - Slapshot by Peter Forsberg.
14:37 of 2nd period - Stopped by John Grahame without a rebound.
14:38 of 2nd period - Peter Forsberg wins face-off versus Saku Koivu in Nordiques zone.
15:03 of 2nd period - Wrist shot by Claude Giroux.
15:03 of 2nd period - Shot Blocked by Eric Brewer.
15:05 of 2nd period - Snap shot by Tobias Enstrom.
15:05 of 2nd period - Deflect By Claude Giroux.
15:05 of 2nd period - Shot Misses the Net.
15:05 of 2nd period - Puck is out of play.
15:06 of 2nd period - Derek Roy wins face-off versus Stephen Weiss in Nordiques zone.
15:56 of 2nd period - Snap shot by Claude Giroux.
15:56 of 2nd period - Deflect By Peter Forsberg.
15:56 of 2nd period - Stopped by John Grahame without a rebound.
15:57 of 2nd period - Peter Forsberg wins face-off versus Saku Koivu in Nordiques zone.
16:38 of 2nd period - Dion Phaneuf is hit by Dany Heatley and loses puck.
16:43 of 2nd period - Wrist shot by Rene Bourque.
16:43 of 2nd period - Goal by Rene Bourque - Maple Leafs : 5 - Nordiques : 3.
16:44 of 2nd period - Stephen Weiss wins face-off versus Derek Roy in neutral zone.
16:46 of 2nd period - Off-side.
16:47 of 2nd period - Derek Roy wins face-off versus Stephen Weiss in neutral zone.
18:38 of 2nd period - Slapshot by Tobias Enstrom.
18:38 of 2nd period - Shot Blocked by Ian Moran.
18:40 of 2nd period - Wrist shot by Zach Parise.
18:40 of 2nd period - Stopped by John Grahame with a rebound.
18:48 of 2nd period - Snap shot by Claude Giroux.
18:48 of 2nd period - Stopped by John Grahame without a rebound.
18:49 of 2nd period - Kris Vernarsky wins face-off versus Steve Ott in Nordiques zone.
18:49 of 2nd period - Kris Vernarsky is hit by Steve Ott.
19:01 of 2nd period - Off-side.
19:02 of 2nd period - Saku Koivu wins face-off versus Peter Forsberg in neutral zone.
19:07 of 2nd period - Snap shot by Dany Heatley.
19:07 of 2nd period - Stopped by Marc-André Fleury without a rebound.
19:08 of 2nd period - Saku Koivu wins face-off versus Peter Forsberg in Maple Leafs zone.
19:09 of 2nd period - Wrist shot by Rene Bourque.
19:09 of 2nd period - Shot Misses the Net.
19:57 of 2nd period - Stephane Robidas is hit by Brian Gionta and loses puck.
3rd period
0:01 of 3rd period - Peter Forsberg wins face-off versus Saku Koivu in neutral zone.
0:06 of 3rd period - Slapshot by Peter Forsberg.
0:06 of 3rd period - Stopped by John Grahame without a rebound.
0:07 of 3rd period - Saku Koivu wins face-off versus Peter Forsberg in Nordiques zone.
0:42 of 3rd period - Valeri Bure is hit by Claude Giroux and loses puck.
0:49 of 3rd period - Zach Parise is hit by Kris Vernarsky and loses puck.
1:01 of 3rd period - Alex Goligoski is hit by Lubomir Visnovsky and loses puck.
1:44 of 3rd period - Lubomir Visnovsky is hit by Rob Niedermayer.
2:05 of 3rd period - Icing by Karel Pilar.
2:06 of 3rd period - Kris Vernarsky wins face-off versus Derek Roy in Nordiques zone.
2:15 of 3rd period - Snap shot by Matt Pettinger.
2:15 of 3rd period - Shot Blocked by Tobias Enstrom.
2:35 of 3rd period - Snap shot by Kris Vernarsky.
2:35 of 3rd period - Shot Blocked by Dion Phaneuf.
3:01 of 3rd period - Snap shot by Mike Cammalleri.
3:01 of 3rd period - Goal by Mike Cammalleri - Maple Leafs : 5 - Nordiques : 4.
3:02 of 3rd period - Saku Koivu wins face-off versus Peter Forsberg in neutral zone.
3:10 of 3rd period - Snap shot by Claude Giroux.
3:10 of 3rd period - Stopped by John Grahame without a rebound.
3:11 of 3rd period - Saku Koivu wins face-off versus Peter Forsberg in Nordiques zone.
3:11 of 3rd period - Saku Koivu is hit by Claude Giroux.
3:49 of 3rd period - Snap shot by Peter Forsberg.
3:49 of 3rd period - Shot Misses the Net.
3:51 of 3rd period - Slapshot by Alex Goligoski.
3:51 of 3rd period - Stopped by John Grahame with a rebound.
4:09 of 3rd period - Minor Penalty to Peter Forsberg for Holding.
4:10 of 3rd period - Rob Niedermayer wins face-off versus Stephen Weiss in Maple Leafs zone.
4:10 of 3rd period - Rob Niedermayer is hit by Mike Cammalleri.
4:24 of 3rd period - Lubomir Visnovsky is hit by Jordan Leopold and loses puck.
4:51 of 3rd period - Claude Giroux is hit by Rene Bourque and loses puck.
5:10 of 3rd period - Derek Roy is hit by Chris Phillips and loses puck.
6:09 of 3rd period - Penalty to Peter Forsberg is over, Peter Forsberg is back on ice.
6:30 of 3rd period - Snap shot by Mike Cammalleri.
6:30 of 3rd period - Shot Misses the Net.
7:18 of 3rd period - Cory Sarich is hit by Derek Roy and loses puck.
8:05 of 3rd period - Lubomir Visnovsky is hit by Dustin Penner and loses puck.
8:12 of 3rd period - Wrist shot by Brad Boyes.
8:12 of 3rd period - Deflect By Derek Roy.
8:12 of 3rd period - Stopped by John Grahame without a rebound.
8:13 of 3rd period - Paul Stastny wins face-off versus Mike Cammalleri in Nordiques zone.
8:29 of 3rd period - Stephen Weiss is hit by Steve Ott and loses puck.
9:08 of 3rd period - Snap shot by Derek Roy.
9:08 of 3rd period - Shot Blocked by Rene Bourque.
9:16 of 3rd period - Wrist shot by Brad Boyes.
9:16 of 3rd period - Goal by Brad Boyes - Maple Leafs : 6 - Nordiques : 4.
9:17 of 3rd period - Saku Koivu wins face-off versus Derek Roy in neutral zone.
9:22 of 3rd period - Derek Roy is hit by Dany Heatley and loses puck.
9:29 of 3rd period - Lubomir Visnovsky is hit by Dustin Penner and loses puck.
9:42 of 3rd period - Claude Giroux is hit by Stephen Weiss and loses puck.
9:53 of 3rd period - Snap shot by Stephen Weiss.
9:53 of 3rd period - Shot Misses the Net.
10:07 of 3rd period - Wrist shot by Paul Stastny.
10:07 of 3rd period - Stopped by John Grahame with a rebound.
10:09 of 3rd period - Slapshot by Dion Phaneuf.
10:09 of 3rd period - Shot Blocked by Chris Phillips.
10:11 of 3rd period - Snap shot by Paul Stastny.
10:11 of 3rd period - Stopped by John Grahame with a rebound.
10:33 of 3rd period - Snap shot by Derek Roy.
10:33 of 3rd period - Shot Misses the Net.
11:11 of 3rd period - Brett Clark is hit by Mike Cammalleri and loses puck.
11:12 of 3rd period - Brett Clark from Maple Leafs is injured at 11:12 of 3rd period (Left Ankle).
11:13 of 3rd period - Saku Koivu wins face-off versus Peter Forsberg in Maple Leafs zone.
11:14 of 3rd period - Snap shot by Dany Heatley.
11:14 of 3rd period - Shot Misses the Net.
11:39 of 3rd period - Brian Gionta is hit by Derek Roy and loses puck.
11:46 of 3rd period - Snap shot by Derek Roy.
11:46 of 3rd period - Stopped by John Grahame with a rebound.
11:48 of 3rd period - Slapshot by Alex Goligoski.
11:48 of 3rd period - Stopped by John Grahame without a rebound.
11:49 of 3rd period - Saku Koivu wins face-off versus Derek Roy in Nordiques zone.
12:11 of 3rd period - Icing by Karel Pilar.
12:12 of 3rd period - Saku Koivu wins face-off versus Peter Forsberg in Nordiques zone.
12:17 of 3rd period - Snap shot by Dany Heatley.
12:17 of 3rd period - Shot Misses the Net.
12:49 of 3rd period - Wrist shot by Brad Boyes.
12:49 of 3rd period - Shot Blocked by Karel Pilar.
12:58 of 3rd period - Off-side.
12:59 of 3rd period - Paul Stastny wins face-off versus Kris Vernarsky in neutral zone.
13:02 of 3rd period - Slapshot by Stephane Robidas.
13:02 of 3rd period - Shot Misses the Net.
13:07 of 3rd period - Off-side.
13:08 of 3rd period - Mike Cammalleri wins face-off versus Peter Forsberg in neutral zone.
13:11 of 3rd period - Peter Forsberg is hit by Eric Brewer and loses puck.
15:02 of 3rd period - Wrist shot by Rene Bourque.
15:02 of 3rd period - Stopped by Marc-André Fleury with a rebound.
15:04 of 3rd period - Wrist shot by Valeri Bure.
15:04 of 3rd period - Shot Misses the Net.
15:08 of 3rd period - Wrist shot by Kris Vernarsky.
15:08 of 3rd period - Stopped by Marc-André Fleury without a rebound.
15:09 of 3rd period - Paul Stastny wins face-off versus Kris Vernarsky in Maple Leafs zone.
16:05 of 3rd period - Slapshot by Mike Cammalleri.
16:05 of 3rd period - Shot Misses the Net.
16:07 of 3rd period - Slapshot by Ian Moran.
16:07 of 3rd period - Shot Misses the Net.
16:21 of 3rd period - Snap shot by Rob Niedermayer.
16:21 of 3rd period - Shot Misses the Net.
16:42 of 3rd period - Minor Penalty to Byron Bitz for Interference.
16:43 of 3rd period - Saku Koivu wins face-off versus Peter Forsberg in Maple Leafs zone.
16:57 of 3rd period - Off-side.
16:58 of 3rd period - Peter Forsberg wins face-off versus Saku Koivu in neutral zone.
17:29 of 3rd period - Stephen Weiss is hit by Jordan Leopold and loses puck.
17:36 of 3rd period - Zach Parise is hit by Stephen Weiss and loses puck.
18:42 of 3rd period - Penalty to Byron Bitz is over, Byron Bitz is back on ice.
18:55 of 3rd period - Brad Boyes is hit by Matt Pettinger and loses puck.
19:02 of 3rd period - Wrist shot by Kris Vernarsky.
19:02 of 3rd period - Stopped by Marc-André Fleury with a rebound.
19:15 of 3rd period - Icing by Derek Roy.
19:16 of 3rd period - Valeri Bure wins face-off versus Paul Stastny in Maple Leafs zone.
Output by the SimonT Hockey Simulator (STHS) for François Prévost -- Original Page W3C XHTML 1.0 Valid